 Dungeon Crawl Stone Soup version bcrawl-1.41 (webtiles) character file.

Game seed: 13169062973470470648

437204 Rhok the Warrior (level 15, 147/147 HPs)
             Began as a Hill Orc Archaeologist on Nov 19, 2023.
             Was a High Priest of Okawaru.
             Quit the game on level 11 of the Dungeon on Mar 30, 2024.
             The game lasted 01:05:40 (23770 turns).

Rhok the Warrior (Hill Orc Archaeologist)          Turns: 23770, Time: 01:05:42

Health: 147/147    AC: 27    Str: 21    XL:     15   Next: 41%
Magic:  22/22      EV:  5    Int: 14    God:    Okawaru [*****.]
Gold:   583        SH: 14    Dex:  9    Spells: 14/14 levels left

rFire    + . .     GDR:     30% W - +4 scimitar
rCold    . . .     SeeInvis .   q - +0 medium shield
rNeg     + . .     Gourm    .   n - +3 plate armour {rF+}
rPois    +         Faith    .   X - +1 helmet
rElec    +         Spirit   .   Z - +0 cloak
rCorr    .         Reflect  .   Y - +1 pair of gloves
MR       +....                  r - +2 pair of boots
Stlth    ..........             (no amulet)
HPRegen  0.34/turn              R - ring of positive energy
MPRegen  0.18/turn              N - ring "Tailoevea" {rElec rPois}

@: studying Evocations
A: no striking features
a: Heroism, Finesse, Renounce Religion


You were on level 11 of the Dungeon.
You worshipped Okawaru.
Okawaru was extremely pleased with you.
You were hungry.

You visited 3 branches of the dungeon, and saw 19 of its levels.

You collected 1537 gold pieces.
You spent 954 gold pieces at shops.

Inventory:

Hand Weapons
 h - the +8 halberd of Huopnyte {flame, rElec rF+ Int+3}
   (You acquired it on level 3 of the Dungeon)

   It has been specially enchanted to surge with flame as it hits, increasing
   damage dealt by approximately one third against foes not resistant or
   susceptible to fire.
   Its heat also prevents any hydra heads it cuts off from regrowing.
   It affects your intelligence (+3).
   It protects you from fire.
   It insulates you from electricity.
 t - the +6 rapier "Oziasuag" {flame, +Fly rF+ SInv}
   (You found it on level 6 of the Lair of Beasts)

   It has been specially enchanted to surge with flame as it hits, increasing
   damage dealt by approximately one third against foes not resistant or
   susceptible to fire.
   It protects you from fire.
   It lets you see invisible.
   It lets you fly.
 D - a +1 flail of protection
 W - a +4 scimitar (weapon)
Missiles
 b - 2 throwing nets {=f}
 j - 158 javelins (quivered)
 l - 62 tomahawks of dispersal {=f}
 v - 473 poisoned needles
 P - 6 curare-tipped needles
 U - 269 poisoned tomahawks
Armour
 a - a +0 hat of magic resistance
 n - a +3 plate armour of fire resistance (worn)
 q - a +0 medium shield (worn)
 r - a +2 pair of boots (worn)
 V - a +1 crystal plate armour
 X - a +1 helmet (worn)
 Y - a +1 pair of gloves (worn)
 Z - a +0 cloak (worn)
Jewellery
 d - an uncursed ring of ice
 N - the ring "Tailoevea" (right hand) {rElec rPois}
   (You found it on level 3 of the Lair of Beasts)

   [ring of insulation]

   It insulates you from electricity.
   It protects you from poison.
 R - a ring of positive energy (left hand)
Wands
 F - a wand of digging (12)
 G - a wand of charming (8)
 H - a wand of paralysis (26)
 I - a wand of polymorph (30)
 S - a wand of clouds (1)
Scrolls
 c - 8 scrolls of amnesia
 f - a scroll of fear
 g - 3 scrolls of revelation
 i - 2 scrolls of blinking
 k - 3 scrolls of enchant weapon
 m - 14 scrolls of remove curse
 w - 3 scrolls of teleportation
 y - 5 scrolls of fog
 M - 3 scrolls of immolation
Potions
 o - 2 potions of haste
 s - 5 potions of agility
 u - a potion of brilliance
 x - 3 potions of lignification
 E - 2 potions of ambrosia
 J - a potion of magic
 O - 6 potions of flight
 T - 2 potions of mutation
Miscellaneous
 p - a sack of spiders
Comestibles
 e - 45 rations {!d}
 z - 2 chunks of flesh


   Skills:
 - Level 17.0 Fighting
   Level 17.0 Short Blades
   Level 17.0 Long Blades
   Level 17.0 Axes
   Level 17.0 Maces & Flails
   Level 17.0 Polearms
   Level 17.0 Staves
 * Level 6.3 Throwing
 - Level 10.0 Armour
 - Level 4.0 Dodging
 - Level 2.6 Stealth
 - Level 8.0 Shields
   Level 17.0 Unarmed Combat
 - Level 10.0 Invocations
 + Level 6.2 Evocations


You had 14 spell levels left.
You didn't know any spells.
Your spell library contained the following spells:

 Spells                   Type           Power        Failure   Level  Hunger
 Flame Tongue             Conj/Fire      #....        100%        1    None
 Slow                     Hex            #.......     100%        1    None
 Ensorcelled Hibernation  Hex/Ice        #.....       100%        2    ####...
 Flaming Arrows           Chrm/Fire      #.......     100%        2    ####...
 Confuse                  Hex            #.......     100%        3    #####..
 Conjure Flame            Conj/Fire      #.......     100%        3    #####..
 Dazzling Orbs            Conj/Hex       #......      100%        3    #####..
 Inner Flame              Hex/Fire       N/A          100%        3    #####..
 Tukima's Dance           Hex            #.......     100%        3    #####..
 Airstrike                Air            #.........   100%        4    ######.
 Cause Fear               Hex            #.........   100%        4    ######.
 Sticky Flame             Conj/Fire      #.......     100%        4    ######.
 Fireball                 Conj/Fire      #.........   100%        5    #######
 Silence                  Hex/Air        #.........   100%        5    #######
 Borgnjor's Vile Clutch   Necr/Erth      #.........   100%        6    #######
 Darkness                 Hex            #.........   100%        6    #######
 Deflect Missiles         Chrm/Air       #.........   100%        6    #######
 Infestation              Hex/Tmut/Pois  #........    100%        6    #######
 Shadow Creatures         Summ           N/A          100%        7    #######
 Time Stop                Chrm/Tloc      N/A          100%        8    #######
 Tornado                  Tloc/Air       #.........   100%        8    #######


Dungeon Overview and Level Annotations

Branches:
Dungeon (12/12)            Temple (1/1) D:6            Lair (6/6) D:7
 Shoals (0/3) Lair:2       Spider (0/3) Lair:3          Orc (0/1) D:8
 Forest (0/3) Lair:6
 Vaults: D:11-12     Depths: D:12

Altars:
Ashenzari
Cheibriados
Dithmenos
Elyvilon
Fedhas
Gozag
Hepliaklqana
Kikubaaqudgha
Lugonu
Makhleb
Nemelex Xobeh
Okawaru
Qazlal
Ru
Sif Muna
Trog
Uskayaw
Vehumet
Wu Jian
Xom
Yredelemnul
Zin
The Shining One

Shops:
D:6 =!:?*   D:8 %   D:10 }

Portals:
Trove: D:10 (show abyssal rune of Zot)

Annotations:
D:10 ! CUNT
D:11 Maurice
Lair:5 exclusion: downstairs


Message History

Tha slime creature be severely wounded.
Ye block tha slime creature's attack.
Ye slash tha slime creature!
Tha slime creature be almost dead.
Ye hit tha slime creature but do nay damage.
Tha slime creature be almost dead.
Ye block tha slime creature's attack.
Ye slash tha slime creature!
Ye kill tha slime creature!
Okawaru accepts yer kill.
Savin' game... please wait.
Level annotation: Maurice Welcome back, Rhok tha Hill Orc Archaeologist.
Okawaru says: Brin' me glory in combat!
Press m ta set yer skill trainin'.
Press ? fer a list o' commands an' othar information.
Level annotation: Maurice Welcome back, Rhok tha Hill Orc Archaeologist.
Okawaru says: Brin' me glory in combat!
Press m ta set yer skill trainin'.
Press ? fer a list o' commands an' othar information.
Be ye sure ye want ta abandon 'tis character an' quit tha game? (Confirm wit' "aye".)

..##.# .# ..... ..
...# .# ..# #.#
.## #.# .#
########.#### +##
#.....<.....# ..##
#.##.##..##.#
...###.##.##..##@#
....##.##..#..##.#
.....#.##..)).##.#
.....'.....))###.#
.....#.##....###.#
....##...........#
...######.########
..## #.# +## #.#


There were no monsters in sight!

Vanquished Creatures
  Gastronok (Lair:2)
  Frances (D:10)
  2 entropy weavers
  Snorg (Lair:4)
  Harold (D:11)
  Psyche (D:8)
  3 hydras
  Fannar (D:11)
  A merfolk avatar (Lair:6)
  An alligator (Lair:5)
  A queen ant (Lair:6)
  A death yak (Lair:5)
  6 two-headed ogres
  A tengu warrior (D:11)
  5 centaur warriors (D:12)
  A fire crab (Lair:4)
  A wolf spider (Lair:3)
  A cyclops (D:8)
  2 harpies (Lair:6)
  2 manticores (Lair:6)
  A deep elf mage (D:6)
  A merfolk siren (Lair:2)
  22 elephants
  A torpor snail (Lair:6)
  A gargoyle (D:11)
  5 black mambas
  10 cane toads
  5 rime drakes
  A kobold demonologist (D:9)
  10 komodo dragons
  An eye of draining (D:11)
  2 trolls (D:9)
  2 hornets
  3 merfolk (Lair:2)
  A queen bee (Lair:2)
  Prince Ribbit (D:6)
  2 harpy skeletons
  3 polar bears
  10 dream sheep
  9 blink frogs
  A wind drake (Lair:6)
  A slime creature (D:11)
  7 hippogriffs
  A wraith (D:7)
  A shadow (D:12)
  5 wyverns
  A fire bat (shapeshifter) (D:10)
  28 yaks
  5 basilisks
  2 hungry ghosts (D:9)
  2 vampire mosquitoes (D:12)
  13 crocodiles
  11 water moccasins
  12 porcupines
  Duvessa (D:5)
  A cane toad skeleton (D:10)
  A phantom (D:8)
  15 soldier ants
  A sky beast (D:6)
  A hornet zombie (D:9)
  4 orc warriors
  12 ice beasts
  6 black bears
  2 ogres
  A meliai simulacrum (D:12)
  2 necrophages (D:7)
  9 wolves
  18 bullfrogs
  A kobold brigand (D:7)
  A wyvern skeleton (D:7)
  12 centaurs
  6 scorpions
  42 killer bees
  Dowan (D:5)
  4 howler monkeys
  17 wights
  7 electric eels
  2 orc priests
  6 crimson imps
  2 bullfrog zombies
  A quasit (D:6)
  5 hounds
  6 orc wizards
  Jessica (D:2)
  3 iguanas
  29 worker ants
  2 hell rats (Lair:5)
  2 hound zombies
  3 worker ant zombies
  A howler monkey zombie (D:6)
  4 gnolls
  5 adders
  7 river rats (Lair:5)
  2 shadow imps
  2 oozes (D:3)
  An adder zombie (D:8)
  2 adder skeletons (D:6)
  3 worms
  4 dart slugs
  11 leopard geckos
  28 orcs
  2 bat zombies (D:3)
  2 giant cockroaches
  7 hobgoblins
  11 jackals
  14 kobolds
  4 quokkas
  3 bats
  A frilled lizard (D:2)
  A goblin skeleton (D:4)
  A goblin zombie (D:4)
  6 hobgoblin zombies (D:4)
  An orc skeleton (D:4)
  2 orc zombies (D:4)
  6 rats
  A fungus (Lair:6)
  A plant (Lair:3)
575 creatures vanquished.

Vanquished Creatures (collateral kills)
  A polar bear (Lair:2)
1 creature vanquished.

Vanquished Creatures (others)
  A wyvern (Lair:4)
  A killer bee (D:10)
  2 bushes (D:7)
  48 fungi
  41 plants
93 creatures vanquished.

Grand Total: 669 creatures vanquished

Notes
Turn   | Place    | Note
-------+----------+-------------------------------------------
     0 | D:1      | Rhok the Hill Orc Archaeologist began the quest for the
                  | Orb.
     0 | D:1      | Reached XP level 1. HP: 16/16 MP: 1/1
   244 | D:1      | Reached XP level 2. HP: 24/24 MP: 2/2
   265 | D:1      | Reached skill level 2 in Fighting
   467 | D:1      | Reached XP level 3. HP: 29/30 MP: 3/3
   979 | D:2      | Noticed Jessica
  1111 | D:2      | Reached skill level 3 in Fighting
  1256 | D:2      | Found a basalt altar of Yredelemnul.
  1362 | D:2      | Reached XP level 4. HP: 36/38 MP: 4/4
  1494 | D:2      | Killed Jessica
  1993 | D:3      | Found an iron altar of Okawaru.
  2002 | D:3      | Found a faded altar of an unknown god.
  2056 | D:3      | Reached XP level 5. HP: 46/46 MP: 5/5
  2056 | D:3      | Identified a scroll of acquirement
  2059 | D:3      | Found an ancient bone altar of Kikubaaqudgha.
  2121 | D:3      | Reached skill level 4 in Fighting
  2241 | D:3      | Reached skill level 1 in Armour
  2676 | D:3      | Identified the +8 halberd of Huopnyte {flame, rElec rF+
                  | Int+3} (You acquired it on level 3 of the Dungeon)
  2676 | D:3      | Identified the amulet "Gas Adiawn" {Reflect rElec rC++ rN+
                  | Str-2 SH+3} (You acquired it on level 3 of the Dungeon)
  2797 | D:3      | Reached XP level 6. HP: 21/53 MP: 6/6
  2969 | D:4      | Reached skill level 5 in Fighting
  3022 | D:4      | Found a shadowy altar of Dithmenos.
  3168 | D:4      | Found a glowing golden altar of the Shining One.
  3177 | D:4      | Reached XP level 7. HP: 56/61 MP: 7/7
  3437 | D:5      | Entered Level 5 of the Dungeon
  3548 | D:5      | Noticed Duvessa
  3548 | D:5      | Noticed Dowan
  3558 | D:5      | Killed Dowan
  3567 | D:5      | Killed Duvessa
  3568 | D:5      | Reached skill level 6 in Fighting
  3779 | D:5      | Found a snail-covered altar of Cheibriados.
  3801 | D:5      | Reached XP level 8. HP: 70/71 MP: 8/8
  3946 | D:5      | Found a shimmering blue altar of Sif Muna.
  3947 | D:5      | Found a corrupted altar of Lugonu.
  4014 | D:6      | Found Cesmomoi's Magic Scroll Shop.
  4019 | D:6      | Reached skill level 7 in Fighting
  4019 | D:6      | Noticed a hornet
  4032 | D:6      | Killed a hornet
  4278 | D:6      | Bought a scroll of teleportation for 33 gold pieces
  4278 | D:6      | Bought 3 scrolls of fog for 66 gold pieces
  4287 | D:6      | Found Xodgholo's Book Shoppe.
  4320 | D:6      | Reached skill level 8 in Fighting
  4540 | D:6      | Found Famman's Assorted Antiques.
  4543 | D:6      | Bought a potion of curing for 45 gold pieces
  4543 | D:6      | Bought a glowing hat for 126 gold pieces
  4567 | D:6      | Noticed a deep elf mage
  4569 | D:6      | Noticed an ice devil
  4615 | D:6      | Noticed a red devil
  4687 | D:6      | Noticed a rust devil
  4780 | D:6      | Killed a deep elf mage
  4781 | D:6      | Reached skill level 9 in Fighting
  4781 | D:6      | Reached XP level 9. HP: 83/83 MP: 9/9
  5177 | D:6      | Found Mobixt's Jewellery Emporium.
  5194 | D:6      | Found Elaza's Distillery.
  5203 | D:6      | Bought a potion of heal wounds for 70 gold pieces
  5203 | D:6      | Bought a potion of heal wounds for 70 gold pieces
  5287 | D:6      | Found a staircase to the Ecumenical Temple.
  5289 | D:6      | Noticed Prince Ribbit
  5327 | Temple   | Entered the Ecumenical Temple
  5482 | D:3      | Became a worshipper of Warmaster Okawaru
  5565 | D:6      | Found a radiant altar of Vehumet.
  5797 | D:6      | Killed Prince Ribbit
  5888 | D:7      | Reached skill level 10 in Fighting
  5913 | D:7      | Reached * piety under Okawaru
  6083 | D:7      | Reached ** piety under Okawaru
  6112 | D:7      | Reached skill level 11 in Fighting
  6142 | D:7      | Found a staircase to the Lair.
  6182 | D:7      | Reached XP level 10. HP: 85/96 MP: 10/10
  6512 | D:7      | Found a blossoming altar of Fedhas.
  6640 | D:7      | Reached *** piety under Okawaru
  6751 | D:7      | Found a burning altar of Makhleb.
  7116 | Lair:1   | Entered Level 1 of the Lair of Beasts
  7121 | Lair:1   | Reached skill level 12 in Fighting
  7379 | Lair:1   | Found an ancient bone altar of Kikubaaqudgha.
  7380 | Lair:1   | Noticed a cane toad
  7384 | Lair:1   | Reached **** piety under Okawaru
  7385 | Lair:1   | Reached skill level 5 in Armour
  7388 | Lair:1   | Killed a cane toad
  7389 | Lair:1   | Reached skill level 1 in Invocations
  7593 | Lair:1   | Noticed a cane toad
  7599 | Lair:1   | Killed a cane toad
  7827 | Lair:1   | Noticed a black mamba
  7830 | Lair:1   | Killed a black mamba
  7831 | Lair:1   | Reached XP level 11. HP: 104/104 MP: 12/14
  8249 | Lair:2   | Reached ***** piety under Okawaru
  8309 | Lair:2   | Noticed a six-headed hydra
  8730 | Lair:2   | Reached skill level 1 in Shields
  8730 | Lair:2   | Reached skill level 5 in Invocations
  9528 | Lair:2   | Killed a six-headed hydra
  9529 | Lair:2   | Reached skill level 5 in Shields
 10080 | Lair:2   | Noticed Gastronok
 10098 | Lair:2   | Killed Gastronok
 10098 | Lair:2   | Received a gift from Okawaru
 10099 | Lair:2   | Reached skill level 13 in Fighting
 10099 | Lair:2   | Reached XP level 12. HP: 103/115 MP: 11/17
 10102 | Lair:2   | Got a scorched cloak {god gift}
 10108 | Lair:2   | Identified the +1 cloak of Okawaru's Indignation {+Fly MR-
                  | rCorr} (Okawaru gifted it to you on level 2 of the Lair of
                  | Beasts)
 10131 | Lair:2   | Found a staircase to the Shoals.
 10145 | Lair:2   | Reached ****** piety under Okawaru
 10622 | Lair:2   | Received a gift from Okawaru
 11532 | Lair:3   | Got a translucent golden ring
 11533 | Lair:3   | Identified the ring "Tailoevea" {rElec rPois} (You found it
                  | on level 3 of the Lair of Beasts)
 11559 | Lair:3   | Noticed a seven-headed hydra
 11567 | Lair:3   | Killed a seven-headed hydra
 11568 | Lair:3   | Reached skill level 14 in Fighting
 11568 | Lair:3   | Reached skill level 1 in Evocations
 12100 | Lair:3   | Reached XP level 13. HP: 43/124 MP: 19/19
 12358 | Lair:3   | Reached skill level 5 in Evocations
 12712 | Lair:3   | Found a hole to the Spider Nest.
 13157 | Lair:4   | Noticed Snorg
 13199 | Lair:4   | Killed Snorg
 13816 | Lair:4   | Received a gift from Okawaru
 13828 | Lair:4   | Reached skill level 10 in Armour
 14219 | Lair:5   | Reached skill level 10 in Invocations
 15104 | Lair:5   | Reached XP level 14. HP: 105/133 MP: 21/21
 15641 | Lair:6   | Entered Level 6 of the Lair of Beasts
 15673 | Lair:6   | Reached skill level 15 in Fighting
 15811 | Lair:6   | Found a staircase to the Spriggan Forest.
 17080 | Lair:6   | Got a slimy rapier
 17361 | Lair:6   | Received a gift from Okawaru
 17364 | Lair:6   | Got a slimy dire flail {god gift}
 17495 | Lair:6   | Noticed an entropy weaver
 17499 | Lair:6   | Noticed an entropy weaver
 17869 | Lair:5   | Killed an entropy weaver
 17870 | Lair:5   | Reached skill level 16 in Fighting
 18330 | Lair:6   | Killed an entropy weaver
 18942 | D:8      | Found a staircase to the Orcish Mines.
 19171 | D:8      | Noticed Psyche
 19182 | D:8      | Killed Psyche
 19192 | D:8      | Found a bloodstained altar of Trog.
 19520 | D:8      | Found Awuvijeg's Food Shop.
 19717 | D:8      | Identified the +6 rapier "Oziasuag" {flame, +Fly rF+ SInv}
                  | (You found it on level 6 of the Lair of Beasts)
 20324 | D:9      | Found a sparkling altar of Nemelex Xobeh.
 20562 | D:10     | Entered Level 10 of the Dungeon
 20601 | D:10     | Found Wubutito's Gadget Boutique.
 20604 | D:10     | Bought a phantom mirror for 340 gold pieces
 20604 | D:10     | Bought a wand of paralysis (11) for 204 gold pieces
 20636 | D:10     | Found a portal to a secret trove of treasure.
 20662 | D:10     | Noticed Frances
 21233 | D:9      | Upgraded the game from bcrawl-1.40.2 to bcrawl-1.40.3
 21599 | D:11     | Noticed Maurice
 21610 | D:9      | Upgraded the game from bcrawl-1.40.3 to bcrawl-1.40.3b
 21737 | D:10     | HP: 3/138 [Frances/+3 glaive of venom (14)]
 21744 | D:10     | Killed Frances
 21745 | D:10     | Reached skill level 17 in Fighting
 21745 | D:10     | Reached XP level 15. HP: 16/147 MP: 17/20
 22004 | D:10     | Reached skill level 1 in Throwing
 22146 | D:10     | Found a shimmering altar of Xom.
 22146 | D:10     | Found a shimmering altar of Xom.
 22147 | D:10     | Found a shimmering altar of Xom.
 22148 | D:10     | Found a shimmering altar of Xom.
 22149 | D:10     | Found a shimmering altar of Xom.
 22479 | D:11     | Noticed Fannar
 22502 | D:11     | Killed Fannar
 23050 | D:11     | Noticed Harold
 23070 | D:11     | Killed Harold
 23071 | D:11     | Reached skill level 5 in Throwing
 23081 | D:11     | Identified the scarf of the Black Moon {clouds, rElec rPois
                  | Str+3} (You acquired it on level 11 of the Dungeon)
 23135 | D:12     | Entered Level 12 of the Dungeon
 23613 | D:12     | Received a gift from Okawaru
 23770 | D:11     | Upgraded the game from bcrawl-1.40.3b to bcrawl-1.41
 23770 | D:11     | Quit the game

Skill      XL: |  1  2  3  4  5  6  7  8  9 10 11 12 13 14 15 |
---------------+----------------------------------------------+-----
Fighting       | 2 3 4 5 6 9 11 12 13 14 17 | 17.0
Armour         | 2 3 7 8 10 | 10.0
Dodging        | 3 4 |  4.0
Invocations    | 4 7 9 10 | 10.0
Shields        | 6 8 |  8.0
Evocations     | 4 5 6 |  6.2
Throwing       | 6 |  6.3
Short Blades   | | 17.0
Long Blades    | | 17.0
Axes           | | 17.0
Maces & Flails | | 17.0
Polearms       | | 17.0
Staves         | | 17.0
Stealth        | |  2.6
Unarmed Combat | | 17.0

Action                   |  1- 3 |  4- 6 |  7- 9 | 10-12 | 13-15 || total
-------------------------+-------+-------+-------+-------+-------++-------
Melee: Whip              |   201 |   181 |       |       |       ||   382
       Punch             |     1 |     1 |     2 |       |       ||     4
       Halberd           |       |    18 |   180 |   130 |       ||   328
       Short sword       |       |    49 |    47 |       |       ||    96
       Flail             |       |       |       |   588 |  1386 ||  1974
       Scimitar          |       |       |       |       |   542 ||   542
Throw: Javelin           |       |       |     1 |    57 |    50 ||   108
Invok: Heroism           |       |       |       |     6 |    51 ||    57
       Finesse           |       |       |       |     3 |    15 ||    18
Evoke: Wand              |       |       |       |     5 |    15 ||    20
       Phantom mirror    |       |       |       |       |     1 ||     1
  Use: Potion            |     4 |       |     3 |       |    12 ||    19
       Scroll            |     3 |     1 |     4 |     6 |    15 ||    29
 Stab: Sleeping          |     2 |       |       |       |       ||     2
       Distracted        |       |       |       |     1 |       ||     1
       Confused          |       |       |       |       |     1 ||     1
       Paralysed         |       |       |       |       |     6 ||     6
  Eat: Chunk             |     6 |    13 |    16 |    31 |    68 ||   134
       Ration            |       |       |       |     1 |     3 ||     4
Armor: Robe              |    66 |       |       |       |       ||    66
       Plate armour      |    33 |   186 |   109 |   507 |  1013 ||  1848
       Crystal plate arm |       |       |       |       |     6 ||     6
Dodge: Dodged            |   154 |    50 |    46 |   175 |   455 ||   880
Block: Buckler           |       |       |       |   116 |   544 ||   660
       Medium shield     |       |       |       |       |   132 ||   132
